 Dungeon Crawl Stone Soup version 0.24-a0-581-gc0fa6600bf (webtiles) character file.

Game seed: 4684173469078835697

132 Eightlegvermin the Cutter (level 5, 0/29 HPs)
             Began as a Kobold Arcane Marksman on Aug 23, 2019.
             Was an Initiate of Sif Muna.
             Killed by divine providence
             ... invoked by an orc priest
              (11 damage)
             ... in the Ecumenical Temple.
             The game lasted 00:49:43 (3850 turns).

Eightlegvermin the Cutter (Kobold Arcane Marksman)  Turns: 3850, Time: 00:49:44

Health: 0/29       AC:  5    Str:  8    XL:     5   Next: 38%
Magic:  4/6        EV: 15    Int: 14    God:    Sif Muna [......]
Gold:   158        SH:  0    Dex: 16    Spells: 5/6 levels left

rFire    . . .     SeeInvis .   b - +1 dagger (venom)
rCold    . . .     Gourm    .   (shield restricted)
rNeg     . . .     Faith    .   j - +0 leather armour
rPois    .         Spirit   .   (no helmet)
rElec    .         Reflect  .   c - +0 cloak
rCorr    .         Harm     .   (no gloves)
MR       .....                  s - +0 pair of boots
Stlth    ++........             (no amulet)
HPRegen  0.09/turn              (no ring)
MPRegen  0.10/turn              (no ring)

@: no status effects
A: small, carnivore
a: Renounce Religion


You were in the Ecumenical Temple.
You worshipped Sif Muna.
Sif Muna was noncommittal.
You were completely stuffed.

You visited 2 branches of the dungeon, and saw 5 of its levels.

You collected 158 gold pieces.

Inventory:

Hand Weapons
 a - a +0 hand crossbow
 b - a +1 dagger of venom (weapon)
Missiles
 i - 5 bolts
 u - 10 poisoned darts (quivered)
 v - 5 atropa-tipped darts
Armour
 c - a +0 cloak (worn)
 e - a +0 robe
 j - a +0 leather armour (worn)
 s - a +0 pair of boots (worn)
Jewellery
 l - a cursed ring of teleportation {unknown}
Wands
 t - a wand of random effects (13)
Scrolls
 k - 3 scrolls of teleportation {unknown}
 m - 2 scrolls of identify {unknown}
Potions
 d - a potion of ambrosia {unknown}
 g - 2 potions of flight {unknown}
 h - a potion of mutation {unknown}
 n - a potion of lignification {unknown}
 o - a potion of haste
 p - a potion of brilliance {unknown}
 q - a potion of agility {unknown}
 r - a potion of resistance {unknown}
Comestibles
 f - 3 rations
 w - 3 chunks of flesh


   Skills:
 - Level 1.1 Fighting
 + Level 4.0 Short Blades
 + Level 3.8 Crossbows
 - Level 2.6 Dodging
 - Level 3.0 Stealth
 - Level 1.1 Spellcasting
 - Level 3.0 Hexes


You had 5 spell levels left.
You knew the following spells:

 Your Spells              Type           Power        Failure   Level  Hunger
a - Corona                Hex            #......      11%         1    ##.....

Your spell library contained the following spells:

 Spells                   Type           Power        Failure   Level  Hunger
 Slow                     Hex            #.......     17%         2    ###....
 Inner Flame              Hex/Fire       #.......     52%         3    ####...
 Portal Projectile        Hex/Tloc       #.....       52%         3    ####...
 Cause Fear               Hex            #.........   73%         4    #####..
 Leda's Liquefaction      Hex/Erth       #.........   90%         4    #####..


Dungeon Overview and Level Annotations

Branches:
Dungeon (4/15)             Temple (1/1) D:4

Altars:
Cheibriados
Elyvilon
Gozag
Kikubaaqudgha
Nemelex Xobeh
Okawaru
Qazlal
Ru
Sif Muna
Yredelemnul
Zin

Annotations:
D:4 exclusion: 2 orcs


Innate Abilities, Weirdness & Mutations

You are small and have problems with some larger weapons.
You are carnivorous and can eat meat at any time.


Message History

You hit the orc priest.
The orc priest is poisoned.
The orc priest is lightly wounded.
The orc priest misses you.
You hit the orc priest.
The orc priest is moderately wounded.
The orc barely misses you.
You closely miss the orc priest.
The orc priest is moderately wounded.
The orc priest barely misses you. The orc hits you but does no damage.
You closely miss the orc priest.
The orc priest is moderately wounded.
The orc priest hits you with a +0 war axe.
You closely miss the orc priest.
The orc priest is moderately wounded.
The orc barely misses you. The orc closely misses you.
Found a white marble altar of Elyvilon.
The orc priest invokes the aid of Beogh against you.
Beogh smites you!
You die...

#############
##...........####
.......<........##
.......oo.........
._...#...#@.._....
..................
...#..._...#......
..................
._...#...#..._....
.................
..#..._...#...#..
...............


You could see an orc priest and an orc.

Vanquished Creatures
  Terence (D:1)
  An ooze (D:1)
  3 worms
  A dart slug (D:4)
  4 leopard geckos
  4 orcs
  4 bats
  5 giant cockroaches
  12 goblins
  10 hobgoblins
  11 jackals
  2 quokkas
  5 frilled lizards
  4 kobolds
  A quokka skeleton (D:4)
  7 rats
75 creatures vanquished.

Notes
Turn   | Place    | Note
-------+----------+-------------------------------------------
     0 | D:1      | Eightlegvermin the Kobold Arcane Marksman began the quest
                  | for the Orb.
     0 | D:1      | Reached XP level 1. HP: 12/12 MP: 2/2
   236 | D:1      | Reached XP level 2. HP: 16/16 MP: 3/3
   245 | D:1      | Reached skill level 1 in Short Blades
   245 | D:1      | Reached skill level 1 in Stealth
   610 | D:1      | Reached XP level 3. HP: 20/20 MP: 4/4
  1021 | D:2      | Reached skill level 2 in Short Blades
  1485 | D:2      | Reached XP level 4. HP: 8/25 MP: 3/5
  1858 | D:2      | Noticed Terence
  2208 | D:1      | Killed Terence
  2208 | D:1      | Reached skill level 3 in Short Blades
  2644 | D:2      | Found a sacrificial altar of Ru.
  2767 | D:2      | Reached XP level 5. HP: 25/29 MP: 6/6
  3074 | D:3      | Found a shimmering blue altar of Sif Muna.
  3080 | D:3      | Found a sparkling altar of Nemelex Xobeh.
  3080 | D:3      | Found a snail-covered altar of Cheibriados.
  3082 | D:3      | Became a worshipper of Sif Muna the Loreminder
  3518 | D:4      | Found a staircase to the Ecumenical Temple.
  3572 | Temple   | Entered the Ecumenical Temple
  3606 | D:4      | Found an opulent altar of Gozag.
  3805 | Temple   | Reached skill level 4 in Short Blades
  3850 | Temple   | Killed from afar by an orc priest

Levels and vault maps discovered:
D:1:      dpeg_arrival_three_bigger_balls, layout_loops_ring
D:2:      minmay_chambers_of_ones, layout_loops_ring,
          nicolae_overflow_hidden_temple, lemuel_coloured_pillars_altar,
          st_stairs_9, uniq_terence
D:3:      layout_basic, gammafunk_temple_overflow_forgotten
D:4:      layout_cave_pools, grunt_gozag_breadcrumbs, minmay_temple_entry_ruins,
          first_ration
Temple:   cyrus_circular_temple

Skill      XL: |  1  2  3  4  5 |
---------------+----------------+-----
Short Blades   | 1 2 3 4 |  4.0
Stealth        | 1 2 3 |  3.0
Crossbows      | 3 |  3.8
Fighting       | |  1.1
Dodging        | |  2.6
Spellcasting   | |  1.1
Hexes          | |  3.0

Action                   |  1- 3 |  4- 6 || total
-------------------------+-------+-------++-------
Melee: Dagger            |    31 |    21 ||    52
       Hand crossbow     |     2 |       ||     2
 Fire: Hand crossbow     |    67 |    81 ||   148
 Cast: Corona            |    11 |    13 ||    24
  Eat: Chunk             |    10 |     8 ||    18
Armor: Robe              |     3 |       ||     3
       Leather armour    |    14 |     7 ||    21
Dodge: Dodged            |    59 |    40 ||    99

Table legend:
 A = Non-vault XP
 B = Vault XP
 C = Vault XP percentage of total XP
 D = Non-vault monster count
 E = Vault monster count
 F = Vault count percentage of total count
                 A         B        C        D         E       F
            +---------+---------+-------+---------+---------+-------
      Total |     137 |      52 |  27.5 |      66 |       9 |  12.0
            +---------+---------+-------+---------+---------+-------
        D:1 |      31 |      38 |  55.1 |      16 |       2 |  11.1
        D:2 |      60 |      14 |  18.9 |      30 |       7 |  18.9
        D:3 |      28 |       0 |   0.0 |      13 |       0 |   0.0
        D:4 |      15 |       0 |   0.0 |       6 |       0 |   0.0
     Temple |       3 |       0 |   0.0 |       1 |       0 |   0.0
            +---------+---------+-------+---------+---------+-------
